 Dungeon Crawl Stone Soup version 0.28.0-53-g5a82cb258f (webtiles) character file.

Game seed: 2958335101939066367

62 Descartes the Cudgeller (level 3, -3/31 (32) HPs)
             Began as a Troll Chaos Knight on July 20, 2022.
             Was a Plaything of Xom.
             Slain by a redback (shapeshifter) (5 damage)
             ... while petrified by a basilisk
             ... on level 3 of the Dungeon.
             The game lasted 00:04:12 (1760 turns).

Descartes the Cudgeller (Troll Chaos Knight)        Turns: 1760, Time: 00:04:13

HP:   -3/31 (32)    AC:  6    Str: 20    XL:     3   Next: 85%
MP:   3/3           EV:  1    Int: 10    God:    Xom [...*..]
Gold: 132           SH:  0    Dex:  9    Spells: 3/3 levels left

rFire   . . .      SeeInvis .   a - +0 mace (chaos)
rCold   . . .      Faith    .   (no shield)
rNeg    + + +      Spirit   .   b - +2 robe
rPois   ∞          Reflect  .   (helmet restricted)
rElec   .          Harm     .   (no cloak)
rCorr   .          Rampage  .   (gloves unavailable)
Will    .....                   (boots unavailable)
Stlth   +.........              (no amulet)
HPRegen 0.90/turn               (no ring)
MPRegen 0.08/turn               (no ring)

@: petrified, weak-willed, lightly drained
A: large, unfitting armour, claws 3, regeneration 1, shaggy fur 1, tough skin 1,
frail 1
a: Renounce Religion


You were on level 3 of the Dungeon.
You worshipped Xom.
You were a favourite toy of Xom.
You visited 1 branch of the dungeon, and saw 3 of its levels.

You collected 132 gold pieces.

Inventory:

Hand Weapons
 a - a +0 mace of chaos (weapon)
Missiles
 i - 39 stones (quivered)
Armour
 b - a +2 robe (worn)
Potions
 d - a potion of berserk rage {unknown}
 f - 2 potions of cancellation {unknown}
 g - 2 potions of curing {unknown}
 h - 2 potions of heal wounds {unknown}
 j - a potion of degeneration {unknown}
 k - 2 potions of attraction {unknown}


   Skills:
 + Level 2.9 Fighting
 + Level 3.2 Maces & Flails
 - Level 1.9 Dodging
 + Level 0.8 Spellcasting
 + Level 1.1 Translocations


You had 3 spell levels left.
You didn't know any spells.
Your spell library contained the following spells:

 Spells                   Type           Power      Damage    Failure   Level
 Magic Dart               Conj           0%         1d3       34%         1
 Searing Ray              Conj           0%         2d4       47%         2
 Fulminant Prism          Conj/Hex       0%         3d6       98%         4


Dungeon Overview and Level Annotations

Branches:
Dungeon (3/15)

Altars:
Makhleb


Innate Abilities, Weirdness & Mutations

You are too large for most types of armour.
You have claws for hands.
Your natural rate of healing is unusually fast.
You are covered in fur. (AC +1)
You have tough skin. (AC +1)
You are frail. (-10% HP)


Message History

The gnoll hits you with a +0 whip. The gnoll closely misses you.
The basilisk gazes at you.
You struggle to resist.
The gnoll hits you with a +0 whip. The orc hits you but does no damage.
The gnoll hits you from afar with a +0 spear.
You hit the basilisk.
The basilisk is severely wounded.
The basilisk bites you but does no damage.
The gnoll barely misses you.
The gnoll hits you from afar with a +0 spear.
The basilisk gazes at you.
You are slowing down.
The gnoll hits you but does no damage. The orc barely misses you.
The basilisk changes into a redback!
Your limbs are stiffening.
The gnoll hits you with a +0 whip.
You have turned to stone.
The orc hits you but does no damage. The gnoll completely misses you.
The gnoll hits you from afar with a +0 spear.
The orc barely misses you. The gnoll hits you but does no damage.
The gnoll hits you from afar with a +0 spear.
The orc hits you but does no damage.
The gnoll hits you from afar with a +0 spear.
The redback bites you. The orc hits you but does no damage.
The gnoll hits you from afar with a +0 spear.
The redback bites you!
* * * LOW HITPOINT WARNING * * *
The orc hits you with a +0 flail.
The redback bites you but does no damage.
The gnoll hits you from afar with a +0 spear.
* * * LOW HITPOINT WARNING * * *
The redback barely misses you. The orc hits you with a +0 flail.
* * * LOW HITPOINT WARNING * * *
The gnoll hits you from afar with a +0 spear.
* * * LOW HITPOINT WARNING * * *
The redback bites you!
* * * LOW HITPOINT WARNING * * *
The orc hits you with a +0 flail.
* * * LOW HITPOINT WARNING * * *
The redback bites you!
You die...
Xom bursts into laughter!

....#+##............#
... #...........## ..
..............# .
..##..........#
....##......### ..
##.##.....## ...
..........# ....
..###.###.###....
.....###@#......
###..wos#...... ....
#...gg.......
....###..........._
#....(..†...........
....................
..................#
.............)......
..##................


You could see a redback shaped shifter, a worm, 2 gnolls and an orc.

Vanquished Creatures
  An adder (D:3)
  2 worms (D:2)
  6 ball pythons
  2 endoplasms
  5 giant cockroaches
  2 goblins
  2 hobgoblins
  9 jackals
  2 kobolds (D:1)
  3 quokkas
  6 frilled lizards
  A rat (D:1)
41 creatures vanquished.

Notes
Turn   | Place    | Note
-------+----------+-------------------------------------------
     0 | D:1      | Descartes the Troll Chaos Knight began the quest for the
                  | Orb.
     0 | D:1      | Reached XP level 1. HP: 22/22 MP: 0/0
    79 | D:1      | Reached XP level 2. HP: 21/29 MP: 1/1
   174 | D:1      | XOM: smoke on damage
   325 | D:1      | XOM: chaos cloud
   347 | D:1      | Reached skill level 3 in Maces & Flails
   450 | D:1      | XOM: give mutation
   450 | D:1      | Gained mutation: You are frail. (-10% HP) [Xom's mischief]
   499 | D:1      | XOM: silly message
   831 | D:2      | Reached XP level 3. HP: 30/32 MP: 2/2
   847 | D:2      | XOM: draining
  1170 | D:2      | Reached skill level 1 in Translocations
  1738 | D:3      | Found a burning altar of Makhleb.
  1739 | D:3      | Noticed a shapeshifter
  1739 | D:3      | a gnoll changed into a shapeshifter
  1739 | D:3      | Noticed a basilisk
  1739 | D:3      | a shapeshifter changed into a basilisk
  1743 | D:3      | XOM: summons 3 friendly demons
  1752 | D:3      | Noticed a redback
  1752 | D:3      | a basilisk changed into a redback
  1760 | D:3      | Slain by a redback (shapeshifter)

Illustrated notes

Levels and vault maps discovered:
D:1:      lightli_arrival_farm, layout_basic
D:2:      layout_basic
D:3:      layout_basic, bloody_makhleb, ebering_ecumenical_altar_abandoned,
          cheibrodos_sewer_entry_bend, nicolae_elevator_lobby_plus

Skill      XL: |  1  2  3 |
---------------+----------+-----
Maces & Flails | 3 |  3.2
Translocations | 1 |  1.1
Fighting       | |  2.9
Dodging        | |  1.9
Spellcasting   | |  0.8

Action                   || total
-------------------------++-------
Melee: Mace              ||   134
       Punch             ||     1
  Use: Scroll            ||     4
 Stab: Sleeping          ||     2
       Petrifying        ||     1
       Petrified         ||     1
       Paralysed         ||     1
Armor: Robe              ||   102
Dodge: Dodged            ||    96
